| TOP OF THE 1ST |
|
New York Yankees batting - Pitching for Philadelphia Phillies : LHP Phuck II
|
|
Pitching: LHP Phuck II
|
|
|
Batting: RHB Jeckel Hester
|
0-0: Ball 1-0: Ground out U3 (Groundball, 34, EV 102.5 MPH)
|
|
Batting: SHB Gus Berry
|
0-0: Foul Ball, location: 2F 0-1: Ball 1-1: Fly out, F8 (Flyball, 8RM, EV 92.5 MPH)
|
|
Batting: SHB Bartholomeu Chambino
|
0-0: Ball 1-0: Foul Ball, location: 2F 1-1: Foul Ball, location: 2F 1-2: Foul Ball, location: 2F 1-2: Ball 2-2: Foul Ball, location: 2F 2-2: SOLO HOME RUN (Flyball, 7D, EV 99.4 MPH), Distance : 364 ft
|
|
Batting: RHB Adriaan Pieters
|
0-0: Ground out 1-3 (Groundball, 13S, EV 63.8 MPH)
|
| Top of the 1st over - 1 run, 1 hit, 0 errors, 0 left on base; New York 1 - Philadelphia 0 |
| BOTTOM OF THE 1ST |
|
Philadelphia Phillies batting - Pitching for New York Yankees : RHP Bryce Cleavinger
|
|
Pitching: RHP Bryce Cleavinger
|
|
|
Batting: LHB Nick Canizales
|
0-0: Fly out, F8 (Flyball, 8LD, EV 86.9 MPH)
|
|
Batting: LHB Osamu Kubo
|
0-0: Called Strike 0-1: Ball 1-1: Ground out 5-3 (Groundball, 56S, EV 73.1 MPH)
|
|
Batting: SHB Lance Franklin
|
0-0: Ball 1-0: Swinging Strike 1-1: Fly out, F8 (Flyball, 8RD, EV 105.6 MPH)
|
| Bottom of the 1st over - 0 runs, 0 hits, 0 errors, 0 left on base; New York 1 - Philadelphia 0 |
| TOP OF THE 2ND |
|
New York Yankees batting - Pitching for Philadelphia Phillies : LHP Phuck II
|
|
Batting: RHB Geni Prawiranega
|
0-0: Ball 1-0: Called Strike 1-1: Foul Ball, location: 2F 1-2: Fly out, F7 (Flyball, 7D, EV 101.9 MPH)
|
|
Batting: SHB Mukhtar Wa'il
|
0-0: Ball 1-0: Foul Ball, location: 2F 1-1: Foul Ball, location: 2F 1-2: Ball 2-2: Strikes out swinging
|
|
Batting: RHB Larry Martell
|
0-0: Called Strike 0-1: Foul Ball, location: 2F 0-2: Ball 1-2: Ground out 3-1 (Groundball, 34S, EV 80.6 MPH)
|
| Top of the 2nd over - 0 runs, 0 hits, 0 errors, 0 left on base; New York 1 - Philadelphia 0 |
| BOTTOM OF THE 2ND |
|
Philadelphia Phillies batting - Pitching for New York Yankees : RHP Bryce Cleavinger
|
|
Batting: RHB Chef Belew
|
0-0: Fly out, F5 (Popup, 5SF, EV 84.4 MPH)
|
|
Batting: LHB Mike Davis
|
0-0: Ground out 5-3 (Groundball, 56, EV 86.9 MPH)
|
|
Batting: RHB Josh Hensley
|
0-0: Ball 1-0: Called Strike 1-1: Fly out, F8 (Flyball, 8RD, EV 100.0 MPH)
|
| Bottom of the 2nd over - 0 runs, 0 hits, 0 errors, 0 left on base; New York 1 - Philadelphia 0 |
| TOP OF THE 3RD |
|
New York Yankees batting - Pitching for Philadelphia Phillies : LHP Phuck II
|
|
Batting: RHB Russ Shambaugh
|
0-0: Ball 1-0: Ball 2-0: Ball 3-0: Fly out, F7 (Flyball, 7LM, EV 107.5 MPH)
|
|
Batting: RHB Ryan Neal
|
0-0: Called Strike 0-1: Swinging Strike 0-2: Ball 1-2: Strikes out swinging
|
|
Batting: RHB Jeckel Hester
|
0-0: Swinging Strike 0-1: Ball 1-1: Foul Ball, location: 2F 1-2: Strikes out swinging
|
| Top of the 3rd over - 0 runs, 0 hits, 0 errors, 0 left on base; New York 1 - Philadelphia 0 |
| BOTTOM OF THE 3RD |
|
Philadelphia Phillies batting - Pitching for New York Yankees : RHP Bryce Cleavinger
|
|
Batting: LHB Ryan Trombley
|
0-0: Swinging Strike 0-1: Ground out 6-3 (Groundball, 6, EV 86.9 MPH)
|
|
Batting: LHB Cody Schumacher
|
0-0: Foul Ball, location: 2F 0-1: DOUBLE (Groundball, 3L, EV 95.0 MPH)
|
|
Batting: RHB Mike Hanks
|
0-0: Called Strike 0-1: Foul Ball, location: 2F 0-2: Ball 1-2: Foul Ball, location: 2F 1-2: Strikes out swinging
|
|
Batting: LHB Nick Canizales
|
0-0: Ball 1-0: Called Strike 1-1: Swinging Strike 1-2: Ball 2-2: Foul Ball, location: 2F 2-2: Ground out 4-3 (Groundball, 34, EV 86.2 MPH)
|
| Bottom of the 3rd over - 0 runs, 1 hit, 0 errors, 1 left on base; New York 1 - Philadelphia 0 |
| TOP OF THE 4TH |
|
New York Yankees batting - Pitching for Philadelphia Phillies : LHP Phuck II
|
|
Batting: SHB Gus Berry
|
0-0: SINGLE (Line Drive, 8RM, EV 98.1 MPH)
|
|
Batting: SHB Bartholomeu Chambino
|
0-0: Called Strike 0-1: Ball 1-1: Ball 2-1: Called Strike 2-2: Foul Ball, location: 2F 2-2: Strikes out looking
|
|
Batting: RHB Adriaan Pieters
|
0-0: Called Strike 0-1: Ball 1-1: Ball 2-1: Swinging Strike 2-2: Foul Ball, location: 2F 2-2: Strikes out looking
|
|
Batting: RHB Geni Prawiranega
|
0-0: Foul Ball, location: 2F 0-1: Foul Ball, location: 2F 0-2: Hit by Pitch Gus Berry to second
|
|
Batting: SHB Mukhtar Wa'il
|
0-0: Fly out, F9 (Flyball, 9D, EV 98.8 MPH)
|
| Top of the 4th over - 0 runs, 1 hit, 0 errors, 2 left on base; New York 1 - Philadelphia 0 |
| BOTTOM OF THE 4TH |
|
Philadelphia Phillies batting - Pitching for New York Yankees : RHP Bryce Cleavinger
|
|
Batting: LHB Osamu Kubo
|
0-0: Ball 1-0: Ball 2-0: SINGLE (Groundball, 4M, EV 94.4 MPH)
|
|
Batting: SHB Lance Franklin
|
0-0: Ball 1-0: Called Strike 1-1: Ball 2-1: Foul Ball, location: 2F 2-2: Fly out, F7 (Flyball, 7LS, EV 78.8 MPH)
|
|
Batting: RHB Chef Belew
|
0-0: Foul Ball, location: 2F 0-1: Ball Pickoff Throw to First - Out! 1-3 1-1: Called Strike 1-2: Strikes out swinging
|
| Bottom of the 4th over - 0 runs, 1 hit, 0 errors, 0 left on base; New York 1 - Philadelphia 0 |
| TOP OF THE 5TH |
|
New York Yankees batting - Pitching for Philadelphia Phillies : LHP Phuck II
|
|
Batting: RHB Larry Martell
|
0-0: Called Strike 0-1: Ball 1-1: Foul Ball, location: 2F 1-2: Strikes out swinging, 2-3 out at first.
|
|
Batting: RHB Russ Shambaugh
|
0-0: Ball 1-0: Foul Ball, location: 2F 1-1: Swinging Strike 1-2: Ball 2-2: Ball 3-2: Foul Ball, location: 2F 3-2: SINGLE (Groundball, 56, EV 95.6 MPH)
|
|
Batting: RHB Ryan Neal
|
0-0: Ball 1-0: Fly out, F9 (Flyball, 9LD, EV 105.6 MPH)
|
|
Batting: RHB Jeckel Hester
|
0-0: Called Strike 0-1: SINGLE (Line Drive, 9S, EV 103.8 MPH) Russ Shambaugh to second
|
|
Batting: SHB Gus Berry
|
0-0: Foul Ball, location: 2F 0-1: Ball 1-1: Fielders Choice at 2nd, 6-4 (Groundball, 56, EV 83.1 MPH)
|
| Top of the 5th over - 0 runs, 2 hits, 0 errors, 2 left on base; New York 1 - Philadelphia 0 |
| BOTTOM OF THE 5TH |
|
Philadelphia Phillies batting - Pitching for New York Yankees : RHP Bryce Cleavinger
|
|
Batting: LHB Mike Davis
|
0-0: Ball 1-0: Ball 2-0: Foul Ball, location: 2F 2-1: Swinging Strike 2-2: Foul Ball, location: 2F 2-2: Strikes out swinging, 2-3 out at first.
|
|
Batting: RHB Josh Hensley
|
0-0: Ball 1-0: Fly out, F9 (Flyball, 9LSF, EV 84.4 MPH)
|
|
Batting: LHB Ryan Trombley
|
0-0: Ball 1-0: Ground out 6-3 (Groundball, 6, EV 107.5 MPH)
|
| Bottom of the 5th over - 0 runs, 0 hits, 0 errors, 0 left on base; New York 1 - Philadelphia 0 |
| TOP OF THE 6TH |
|
New York Yankees batting - Pitching for Philadelphia Phillies : LHP Phuck II
|
|
Batting: SHB Bartholomeu Chambino
|
0-0: Foul Ball, location: 2F 0-1: Ball 1-1: Ball 2-1: Ball 3-1: Called Strike 3-2: Foul Ball, location: 2F 3-2: Ground out 5-3 (Groundball, 5, EV 105.0 MPH)
|
|
Batting: RHB Adriaan Pieters
|
0-0: Ground out 4-3 (Groundball, 4, EV 87.5 MPH)
|
|
Batting: RHB Geni Prawiranega
|
0-0: Ball 1-0: Ball 2-0: Ball 3-0: Called Strike 3-1: Called Strike 3-2: Foul Ball, location: 2F 3-2: SINGLE (Line Drive, 3D, EV 98.8 MPH)
|
|
Batting: SHB Mukhtar Wa'il
|
0-0: Ball 1-0: Ball 2-0: Ball 3-0: Called Strike 3-1: Called Strike 3-2: Fly out, F8 (Flyball, 8RS, EV 88.1 MPH)
|
| Top of the 6th over - 0 runs, 1 hit, 0 errors, 1 left on base; New York 1 - Philadelphia 0 |
| BOTTOM OF THE 6TH |
|
Philadelphia Phillies batting - Pitching for New York Yankees : RHP Bryce Cleavinger
|
|
Batting: LHB Cody Schumacher
|
0-0: Ball 1-0: Called Strike 1-1: DOUBLE (Line Drive, 78XD, EV 99.4 MPH)
|
|
Batting: RHB Mike Hanks
|
0-0: Ball 1-0: Foul Ball, location: 2F 1-1: Foul Ball, location: 2F 1-2: Ground out 4-3 (Groundball, 4, EV 106.2 MPH) Cody Schumacher to third
|
|
Batting: LHB Nick Canizales
|
0-0: Called Strike 0-1: Ball 1-1: Foul Ball, location: 2F 1-2: DOUBLE (Line Drive, 9LM, EV 111.9 MPH) Cody Schumacher scores
|
|
Batting: LHB Osamu Kubo
|
0-0: Ball 1-0: SINGLE (Flyball, 8RS, EV 88.8 MPH) Nick Canizales to third Runner from 3rd tries for Home, SAFE, throw by CF to home
|
|
Batting: SHB Lance Franklin
|
0-0: Called Strike 0-1: Swinging Strike 0-2: Ball 1-2: 2-RUN HOME RUN (Flyball, 7LD, EV 94.4 MPH), Distance : 340 ft
|
|
Batting: RHB Chef Belew
|
0-0: Ball 1-0: Ball 2-0: Ball 3-0: Called Strike 3-1: Ground out 6-3 (Groundball, 6MS, EV 84.4 MPH)
|
|
Batting: LHB Mike Davis
|
0-0: Foul Ball, location: 2F 0-1: Ball 1-1: SOLO HOME RUN (Flyball, 7D, EV 96.2 MPH), Distance : 369 ft
|
|
Pitching: LHP Robert Cruz
|
|
|
Batting: RHB Josh Hensley
|
0-0: Foul Ball, location: 2F 0-1: Ball 1-1: Called Strike 1-2: Foul Ball, location: 2F 1-2: Ball 2-2: Ground out 1-3 (Groundball, 15S, EV 70.6 MPH)
|
| Bottom of the 6th over - 5 runs, 5 hits, 0 errors, 0 left on base; New York 1 - Philadelphia 5 |
| TOP OF THE 7TH |
|
New York Yankees batting - Pitching for Philadelphia Phillies : LHP Phuck II
|
|
Batting: RHB Larry Martell
|
0-0: Called Strike 0-1: Swinging Strike 0-2: Foul Ball, location: 2F 0-2: Fly out, F8 (Flyball, 8RD, EV 99.4 MPH)
|
|
Batting: RHB Russ Shambaugh
|
0-0: Ball 1-0: Ground out 5-3 (Groundball, 5S, EV 73.8 MPH)
|
|
Batting: RHB Ryan Neal
|
0-0: Ball 1-0: SINGLE (Groundball, 6D, EV 100.0 MPH)
|
|
Batting: RHB Jeckel Hester
|
0-0: Ball 1-0: Foul Ball, location: 2F 1-1: Ball 2-1: SINGLE (Groundball, 5S, EV 71.9 MPH) (infield hit) Ryan Neal to second
|
|
Batting: SHB Gus Berry
|
0-0: Swinging Strike 0-1: Ball 1-1: Swinging Strike 1-2: Ball 2-2: DOUBLE (Flyball, 8RXD, EV 97.5 MPH) Ryan Neal scores Jeckel Hester to third Runner from 3rd tries for Home, SAFE, throw by CF to trailing runner, SAFE at third!
|
|
Batting: SHB Bartholomeu Chambino
|
0-0: Called Strike 0-1: Foul Ball, location: 2F 0-2: Ball 1-2: Foul Ball, location: 2F 1-2: Foul Ball, location: 2F 1-2: Foul Ball, location: 2F 1-2: Ball 2-2: Strikes out swinging
|
| Top of the 7th over - 2 runs, 3 hits, 0 errors, 1 left on base; New York 3 - Philadelphia 5 |
| BOTTOM OF THE 7TH |
|
Philadelphia Phillies batting - Pitching for New York Yankees : LHP Robert Cruz
|
|
Batting: LHB Ryan Trombley
|
0-0: Fly out, F9 (Flyball, 9, EV 80.0 MPH)
|
|
Batting: LHB Cody Schumacher
|
0-0: Fly out, F7 (Flyball, 7, EV 90.6 MPH)
|
|
Batting: RHB Mike Hanks
|
0-0: Ball 1-0: Foul Ball, location: 2F 1-1: Foul Ball, location: 2F 1-2: Ball 2-2: Strikes out looking
|
| Bottom of the 7th over - 0 runs, 0 hits, 0 errors, 0 left on base; New York 3 - Philadelphia 5 |
| TOP OF THE 8TH |
|
New York Yankees batting - Pitching for Philadelphia Phillies : LHP Phuck II
|
|
Pitching: RHP Josh Cornishen
|
|
|
Batting: RHB Adriaan Pieters
|
0-0: Swinging Strike 0-1: Ball 1-1: Foul Ball, location: 2F 1-2: Foul Ball, location: 2F 1-2: Ball 2-2: Foul Ball, location: 2F 2-2: Foul Ball, location: 2F 2-2: Fly out, F9 (Flyball, 9D, EV 80.6 MPH)
|
|
Batting: RHB Geni Prawiranega
|
0-0: Ball 1-0: Foul Ball, location: 2F 1-1: SOLO HOME RUN (Line Drive, 7D, EV 99.4 MPH), Distance : 398 ft
|
|
Batting: SHB Mukhtar Wa'il
|
0-0: Called Strike 0-1: Foul Ball, location: 2F 0-2: Strikes out swinging
|
|
Batting: RHB Larry Martell
|
0-0: Ball 1-0: Called Strike 1-1: Foul Ball, location: 2F 1-2: Ball 2-2: Strikes out looking
|
| Top of the 8th over - 1 run, 1 hit, 0 errors, 0 left on base; New York 4 - Philadelphia 5 |
| BOTTOM OF THE 8TH |
|
Philadelphia Phillies batting - Pitching for New York Yankees : LHP Robert Cruz
|
|
Batting: LHB Nick Canizales
|
0-0: Ball 1-0: Fly out, F8 (Line Drive, 8LM, EV 88.1 MPH)
|
|
Batting: LHB Osamu Kubo
|
0-0: Foul Ball, location: 2F 0-1: Ball 1-1: Fly out, F9 (Flyball, 89S, EV 76.2 MPH)
|
|
Batting: SHB Lance Franklin
|
0-0: Ball 1-0: Ground out 1-3 (Groundball, P, EV 73.1 MPH)
|
| Bottom of the 8th over - 0 runs, 0 hits, 0 errors, 0 left on base; New York 4 - Philadelphia 5 |
| TOP OF THE 9TH |
|
New York Yankees batting - Pitching for Philadelphia Phillies : RHP Josh Cornishen
|
|
Pitching: RHP Omar Orosco
|
|
|
Batting: RHB Russ Shambaugh
|
0-0: Ball 1-0: Called Strike 1-1: Ball 2-1: Foul Ball, location: 2F 2-2: Fly out, F3 (Popup, 3, EV 80.6 MPH)
|
|
Batting: RHB Ryan Neal
|
0-0: DOUBLE (Flyball, 8RXD, EV 97.5 MPH)
|
|
Batting: RHB Jeckel Hester
|
0-0: Ball 1-0: Called Strike 1-1: Foul Ball, location: 2F 1-2: SINGLE (Groundball, 4D, EV 105.6 MPH) Ryan Neal to third Runner from 3rd tries for Home, SAFE, throw by CF to home Jeckel Hester to second
|
|
Batting: SHB Gus Berry
|
0-0: Called Strike 0-1: Swinging Strike 0-2: Strikes out swinging
|
|
Batting: SHB Bartholomeu Chambino
|
0-0: Intentional Walk
|
|
Batting: RHB Adriaan Pieters
|
0-0: Ball 1-0: Ball 2-0: Called Strike 2-1: Swinging Strike 2-2: Strikes out swinging
|
| Top of the 9th over - 1 run, 2 hits, 0 errors, 2 left on base; New York 5 - Philadelphia 5 |
| BOTTOM OF THE 9TH |
|
Philadelphia Phillies batting - Pitching for New York Yankees : LHP Robert Cruz
|
|
Pitching: LHP Julio Gonzalez
|
|
|
Batting: RHB Chef Belew
|
0-0: Ball 1-0: Ball 2-0: SINGLE (Groundball, 56D, EV 106.9 MPH)
|
|
Batting: RHB Carlos Morejon
|
0-0: Called Strike 0-1: Foul Ball, location: 2F 0-2: Foul Ball, location: 2F 0-2: Ball 1-2: Grounds into double play, 5-4-3 (Groundball, 56, EV 102.5 MPH)
|
|
Batting: RHB Josh Hensley
|
0-0: Foul Ball, location: 2F 0-1: Ball 1-1: Ball 2-1: SINGLE (Groundball, 56D, EV 102.5 MPH)
|
|
Batting: LHB Ryan Trombley
|
0-0: Ball 1-0: Ball 2-0: Ball 3-0: Called Strike 3-1: Ground out 5-3 (Groundball, 56, EV 83.8 MPH)
|
| Bottom of the 9th over - 0 runs, 2 hits, 0 errors, 1 left on base; New York 5 - Philadelphia 5 |
| TOP OF THE 10TH |
|
New York Yankees batting - Pitching for Philadelphia Phillies : RHP Omar Orosco
|
|
Pitching: RHP Andy Burchfield
|
|
|
Batting: RHB Geni Prawiranega
|
0-0: Ball 1-0: Fly out, F7 (Flyball, 7, EV 83.8 MPH)
|
|
Batting: SHB Mukhtar Wa'il
|
0-0: Called Strike 0-1: SINGLE (Line Drive, 3L, EV 107.5 MPH)
|
|
Batting: RHB Larry Martell
|
0-0: Called Strike 0-1: Foul Ball, location: 2F 0-2: Ball 1-2: Foul Ball, location: 2F 1-2: Ball 2-2: Foul Ball, location: 2F 2-2: Fly out, F9 (Flyball, 9D, EV 95.6 MPH)
|
|
Batting: RHB Russ Shambaugh
|
0-0: Called Strike 0-1: Ball 1-1: Ball 2-1: Fielders Choice at 2nd, 6-4 (Groundball, 6, EV 103.8 MPH)
|
| Top of the 10th over - 0 runs, 1 hit, 0 errors, 1 left on base; New York 5 - Philadelphia 5 |
| BOTTOM OF THE 10TH |
|
Philadelphia Phillies batting - Pitching for New York Yankees : LHP Julio Gonzalez
|
|
Pitching: LHP Joel Pacheco
|
|
|
Batting: LHB Cody Schumacher
|
0-0: Ball 1-0: Called Strike 1-1: Foul Ball, location: 2F 1-2: Ball 2-2: Fly out, F7 (Flyball, 7LS, EV 90.6 MPH)
|
|
Batting: RHB Mike Hanks
|
0-0: Fly out, F8 (Flyball, 8RD, EV 101.2 MPH)
|
|
Pinch Hitting: RHB Quintin Parker
|
0-0: Ground out 6-3 (Groundball, 6, EV 92.5 MPH)
|
| Bottom of the 10th over - 0 runs, 0 hits, 0 errors, 0 left on base; New York 5 - Philadelphia 5 |
| TOP OF THE 11TH |
|
New York Yankees batting - Pitching for Philadelphia Phillies : RHP Andy Burchfield
|
|
Now at 2B: Jim Beaver
|
|
|
Batting: RHB Ryan Neal
|
0-0: Fly out, F4 (Popup, 4D, EV 56.9 MPH)
|
|
Batting: RHB Jeckel Hester
|
0-0: Called Strike 0-1: TRIPLE (Flyball, 89XD, EV 99.4 MPH)
|
|
Batting: SHB Gus Berry
|
0-0: Ball 1-0: Ball 2-0: Ball 3-0: Base on Balls
|
|
Batting: SHB Bartholomeu Chambino
|
0-0: Called Strike Gus Berry steals 2nd base (no throw) 0-1: Called Strike 0-2: Strikes out looking
|
|
Batting: RHB Adriaan Pieters
|
0-0: Called Strike 0-1: Called Strike 0-2: 3-RUN HOME RUN (Flyball, 89XD, EV 101.2 MPH), Distance : 405 ft
|
|
Pitching: RHP Ken Tetzlaff
|
|
|
Pinch Hitting: SHB Victor Ruiz
|
0-0: Called Strike 0-1: Called Strike 0-2: Foul Ball, location: 2F 0-2: Foul Ball, location: 2F 0-2: Strikes out swinging
|
| Top of the 11th over - 3 runs, 2 hits, 0 errors, 0 left on base; New York 8 - Philadelphia 5 |
| BOTTOM OF THE 11TH |
|
Philadelphia Phillies batting - Pitching for New York Yankees : LHP Joel Pacheco
|
|
Now at C: Dan Morris
|
|
|
Batting: LHB Osamu Kubo
|
0-0: Called Strike 0-1: Foul Ball, location: 2F 0-2: Ground out 6-3 (Groundball, 6, EV 81.9 MPH)
|
|
Batting: SHB Lance Franklin
|
0-0: Ball 1-0: DOUBLE (Line Drive, 89M, EV 104.4 MPH)
|
|
Batting: RHB Chef Belew
|
0-0: Called Strike 0-1: Foul Ball, location: 2F 0-2: Strikes out looking
|
|
Batting: RHB Carlos Morejon
|
0-0: Called Strike 0-1: Ball 1-1: Swinging Strike 1-2: Strikes out swinging
|
| Bottom of the 11th over - 0 runs, 1 hit, 0 errors, 1 left on base; New York 8 - Philadelphia 5 |
|